Flames vs Nordiques

Created - 6 février 2018 at 19:28

Goals
1 2 3 T
Flames 1 2 0 3
Nordiques 2 3 4 9
Shots
1 2 3 T
Flames 14 17 5 36
Nordiques 7 18 14 39

1st period

1. Flames , Victor Rask 13 (David Perron 24) at 6:32
2. Nordiques , Kyle Turris 15 (Patrik Berglund 15, Jared Spurgeon 16) at 7:19
3. Nordiques , Jaromir Jagr 15 (Kyle Turris 17, Kevin Klein 9) at 14:20

Penalties :
Brad Richardson (CAL) for Holding (Minor) at 8:13

2nd period

4. Nordiques , Kyle Turris 16 (Shayne Gostisbehere 19, Alexander Wennberg 21) at 0:29
5. Flames , Patrick Eaves 19 (Victor Rask 20, David Perron 25) at 2:44
6. Flames , Jeff Carter 22 (Anders Lee 22) at 8:38
7. Nordiques , Jared Spurgeon 3 (Shayne Gostisbehere 20) at 14:46
8. Nordiques , Kyle Turris 17 (Alexander Wennberg 22, Shayne Gostisbehere 21) at 18:30

Penalties :
No Penalty

3rd period

9. Nordiques , Andrei Markov 3 (Jamie Benn 23, Ryan O'Reilly 26) at 0:14
10. Nordiques , Jamie Benn 23 (Sebastian Aho 24, Luke Glendening 6) at 6:37
11. Nordiques , Jamie Benn 24 (Sebastian Aho 25, Ryan O'Reilly 27) at 6:47
12. Nordiques , Derek MacKenzie 6 (Shayne Gostisbehere 22, Jared Spurgeon 17) at 9:55

Penalties :
Anders Lee (CAL) for Tripping (Minor) at 14:36

Goalie Stats

Carey Price (CAL), 21 saves from 27 shots - (0,778), L, 27-4-5, 40:14 minutes
Curtis McElhinney (CAL), 9 saves from 12 shots - (0,750), 19:46 minutes
Jonathan Bernier (QUE), 33 saves from 36 shots - (0,917), W, 6-2-0, 60:00 minutes

Players Stats for Flames

Player Name              G  A  P  +/- PIM S  H  SB GA TA FO     MP     PP MP  PK MP  
------------------------------------------------------------------------------------
Anders Lee               0  1  1  -3  2   2  2  0  1  0  1/1    17:19   0:00   0:51 
Andrej Sustr             0  0  0  -2  0   0  0  0  0  1  0/0    18:54   0:00   2:12 
Brad Richardson          0  0  0   0  2   1  2  1  0  0  8/12   17:11   0:00   0:59 
Brandon Manning          0  0  0  -2  0   0  2  2  0  1  0/0    16:41   0:00   0:00 
David Perron             0  2  2  -2  0   3  0  1  0  0  1/1    17:17   0:00   1:08 
David Savard             0  0  0  -2  0   3  1  1  0  1  0/0    18:54   0:00   2:12 
Dennis Rasmussen         0  0  0  -1  0   0  0  0  0  0  0/0     8:30   0:00   1:19 
Drew Doughty             0  0  0  -2  0   2  3  3  0  2  0/0    24:25   0:00   1:46 
Jeff Carter              1  0  1  -3  0   2  1  0  0  0  6/18   16:25   0:00   0:00 
Kevan Miller             0  0  0  -2  0   3  2  0  0  0  0/0    17:56   0:00   1:46 
Michael Frolik           0  0  0   0  0   8  1  0  1  0  0/0    18:11   0:00   1:54 
Nick Bjugstad            0  0  0  -1  0   1  1  0  0  0  0/0     7:11   0:00   0:00 
Patrick Eaves            1  0  1  -2  0   2  1  0  0  0  0/2    16:09   0:00   0:00 
Patrick Sharp            0  0  0   0  0   3  1  1  1  0  0/0    15:46   0:00   0:00 
Sam Reinhart             0  0  0  -3  0   1  0  1  2  0  0/1    17:57   0:00   1:01 
Tanner Kero              0  0  0  -1  0   0  2  1  0  0  0/0     7:55   0:00   0:44 
Victor Hedman            0  0  0  -2  0   1  2  2  0  2  0/0    23:10   0:00   0:00 
Victor Rask              1  1  2  -2  0   4  1  1  2  0  7/25   16:09   0:00   0:00 

Players Stats for Nordiques

Player Name              G  A  P  +/- PIM S  H  SB GA TA FO     MP     PP MP  PK MP  
------------------------------------------------------------------------------------
Alexander Wennberg       0  2  2   3  0   4  2  0  1  1  0/0    18:26   0:52   0:00 
Andrei Markov            1  0  1   0  0   2  1  0  0  0  0/0    23:27   1:33   0:00 
Connor Brown             0  0  0   0  0   2  0  0  0  0  0/0    16:20   0:39   0:00 
Derek MacKenzie          1  0  1   2  0   1  0  0  0  0  0/0     8:05   0:33   0:00 
Evander Kane             0  0  0   3  0   2  3  1  0  1  1/4    18:27   0:52   0:00 
Jakub Vrana              0  0  0   2  0   0  1  0  0  0  0/0     7:45   0:00   0:00 
Jamie Benn               2  1  3   1  0   4  2  0  0  1  1/1    17:20   2:12   0:00 
Jared Spurgeon           1  2  3   4  0   2  2  1  1  0  0/0    23:02   1:59   0:00 
Jaromir Jagr             1  0  1   0  0   6  0  1  1  0  0/1    16:23   0:42   0:00 
Kevin Klein              0  1  1   2  0   0  0  0  0  0  0/0    13:24   0:00   0:00 
Kyle Turris              3  1  4   3  0   9  1  0  0  0  12/17  18:20   0:52   0:00 
Luke Glendening          0  1  1   2  0   0  3  0  1  1  3/4     7:45   0:00   0:00 
Morgan Rielly            0  0  0   0  0   0  1  1  0  0  0/0    23:29   1:38   0:00 
Patrik Berglund          0  1  1   0  0   3  2  1  0  0  7/10   16:26   0:48   0:00 
Ryan O'Reilly            0  2  2   1  0   1  0  0  2  0  12/22  17:20   2:12   0:00 
Sebastian Aho            0  2  2   1  0   1  2  0  0  1  1/1    17:23   2:12   0:00 
Shayne Gostisbehere      0  4  4   4  0   2  1  1  1  2  0/0    22:46   1:59   0:00 
Tom Gilbert              0  0  0   2  0   0  1  0  0  0  0/0    13:52   0:47   0:00 

3 Stars

1 - Kyle Turris (QUE)
2 - Jared Spurgeon (QUE)
3 - Shayne Gostisbehere (QUE)

Power Play

Flames - 0 on 0 Attempt(s) - 0,00%
Nordiques - 0 on 2 Attempt(s) - 0,00%

Penalty Kill

Flames - 2 on 2 Attempt(s) - 100,00% - Score 0 goal in Penalty Kill
Nordiques - 0 on 0 Attempt(s) - 0,00% - Score 0 goal in Penalty Kill

Team Stat

Flames - Hits : 22 - Faceoff Wins : 23 - Blocked Shots : 14 - Penalty Minutes : 4
Nordiques - Hits : 22 - Faceoff Wins : 37 - Blocked Shots : 6 - Penalty Minutes : 0

Official

Referees : Dean Morton and Dave Jackson
Linesman : Tony Sericolo and Vaughan Rody

Game Notes

Kyle Turris has scored a Hat Trick!
Curtis McElhinney enters game at 0:14 of 3rd period

Finance

Level 1 -- Attendance: 5881 (98,02%) -- Ticket Income 470 480 $
Level 2 -- Attendance: 4836 (96,72%) -- Ticket Income 241 800 $
Level 3 -- Attendance: 1929 (96,45%) -- Ticket Income 48 225 $
Level 4 -- Attendance: 4000 (100,00%) -- Ticket Income 40 000 $
Luxury Box -- Attendance: 1000 (100,00%) -- Ticket Income 160 000 $
Game was played at the Colisee.
Total Attendance: 17646 (98,03%)
Total Ticket Income: 960 505 $
Other Income: 470 647 $
Total Income: 1 431 152 $

Flames

5 vs 5 Forward 
   Center                   Left Wing                Right Wing               Time % Phy DF OF 
 1 Jeff Carter              Anders Lee               Sam Reinhart             35     0   1  4  
 2 Victor Rask              Patrick Eaves            David Perron             31     0   2  3  
 3 Brad Richardson          Patrick Sharp            Michael Frolik           27     0   2  3  
 4 Tanner Kero              Dennis Rasmussen         Nick Bjugstad            7      1   3  1  

5 vs 5 Defense 
   Defense                  Defense                                           Time % Phy DF OF 
 1 Drew Doughty             Victor Hedman                                     38     0   3  2  
 2 David Savard             Andrej Sustr                                      30     0   3  2  
 3 Kevan Miller             Brandon Manning                                   27     0   4  1  
 4 Drew Doughty             Victor Hedman                                     5      0   2  3  

PowerPlay Forward 
   Center                   Left Wing                Right Wing               Time % Phy DF OF 
 1 Jeff Carter              Anders Lee               Sam Reinhart             60     0   0  5  
 2 Victor Rask              Patrick Eaves            David Perron             40     0   0  5  

PowerPlay Defense
   Defense                  Defense                                           Time % Phy DF OF 
 1 Victor Hedman            Drew Doughty                                      65     0   1  4  
 2 Andrej Sustr             David Savard                                      35     0   1  4  

Penalty Kill 4 Players Forward 
   Center                   Wing                     Time % Phy DF OF 
 1 Brad Richardson          Michael Frolik           60     0   4  1  
 2 Tanner Kero              Dennis Rasmussen         40     0   4  1  

Penalty Kill 4 Players Defense
   Defense                  Defense                  Time % Phy DF OF 
 1 David Savard             Andrej Sustr             60     1   4  0  
 2 Kevan Miller             Drew Doughty             40     1   4  0  

Penalty Kill - 3 Players Forward 
   Forward                                           Time % Phy DF OF 
 1 Brad Richardson                                   60     0   5  0  
 2 Michael Frolik                                    40     0   5  0  

Penalty Kill - 3 Players Defense
   Defense                  Defense                  Time % Phy DF OF 
 1 Andrej Sustr             David Savard             60     0   5  0  
 2 Drew Doughty             Kevan Miller             40     0   5  0  

4 vs 4 Forward 
   Center                   Wing                     Time % Phy DF OF 
 1 Jeff Carter              Anders Lee               60     0   1  4  
 2 Victor Rask              Michael Frolik           40     0   1  4  

4 vs 4 Defense
   Defense                  Defense                  Time % Phy DF OF 
 1 Drew Doughty             Victor Hedman            60     0   3  2  
 2 Andrej Sustr             David Savard             40     0   3  2  

Last Minutes Offensive
   Center                   Left Wing                Right Wing               Defense                  Defense                  
   Jeff Carter              Anders Lee               Patrick Eaves            Drew Doughty             Victor Hedman            

Last Minutes Defensive
   Center                   Left Wing                Right Wing               Defense                  Defense                  
   Brad Richardson          Tanner Kero              Michael Frolik           Andrej Sustr             David Savard             

Goaltenders
Starting : Carey Price              
Backup : Curtis McElhinney        

Extra Forwards
Normal : Jeff Carter, David Perron, Patrick Eaves - PP : Patrick Eaves, Michael Frolik - PK : David Perron
Extra Defensemen
Normal : Drew Doughty, David Savard, Victor Hedman - PP : Andrej Sustr - PK : Brandon Manning, Victor Hedman
Penalty Shots
Nick Bjugstad, Sam Reinhart, Patrick Eaves, David Perron, Jeff Carter
Custom OT Lines Forwards
Jeff Carter, Anders Lee, Sam Reinhart, Michael Frolik, Victor Rask, David Perron, Patrick Eaves, Brad Richardson, Patrick Sharp, Nick Bjugstad
Custom OT Lines Defensemen
Drew Doughty, Victor Hedman, David Savard, Andrej Sustr, Kevan Miller

Scratches
Pavel Zacha (Healthy), Matt Bartkowski (Healthy)

Nordiques

5 vs 5 Forward 
   Center                   Left Wing                Right Wing               Time % Phy DF OF 
 1 Ryan O'Reilly            Jamie Benn               Sebastian Aho            30     0   2  3  
 2 Kyle Turris              Evander Kane             Alexander Wennberg       30     0   2  3  
 3 Patrik Berglund          Jaromir Jagr             Connor Brown             30     0   2  3  
 4 Luke Glendening          Derek MacKenzie          Jakub Vrana              10     0   2  3  

5 vs 5 Defense 
   Defense                  Defense                                           Time % Phy DF OF 
 1 Jared Spurgeon           Shayne Gostisbehere                               38     1   3  1  
 2 Andrei Markov            Morgan Rielly                                     38     1   2  2  
 3 Kevin Klein              Tom Gilbert                                       24     1   3  1  
 4 Jared Spurgeon           Shayne Gostisbehere                               0      1   2  2  

PowerPlay Forward 
   Center                   Left Wing                Right Wing               Time % Phy DF OF 
 1 Ryan O'Reilly            Jamie Benn               Sebastian Aho            50     1   1  3  
 2 Kyle Turris              Evander Kane             Alexander Wennberg       50     1   1  3  

PowerPlay Defense
   Defense                  Defense                                           Time % Phy DF OF 
 1 Andrei Markov            Shayne Gostisbehere                               60     1   1  3  
 2 Jared Spurgeon           Morgan Rielly                                     40     1   1  3  

Penalty Kill 4 Players Forward 
   Center                   Wing                     Time % Phy DF OF 
 1 Patrik Berglund          Connor Brown             50     1   3  1  
 2 Luke Glendening          Derek MacKenzie          50     1   3  1  

Penalty Kill 4 Players Defense
   Defense                  Defense                  Time % Phy DF OF 
 1 Jared Spurgeon           Morgan Rielly            50     1   3  1  
 2 Kevin Klein              Tom Gilbert              50     1   3  1  

Penalty Kill - 3 Players Forward 
   Forward                                           Time % Phy DF OF 
 1 Ryan O'Reilly                                     50     0   3  2  
 2 Patrik Berglund                                   50     0   3  2  

Penalty Kill - 3 Players Defense
   Defense                  Defense                  Time % Phy DF OF 
 1 Jared Spurgeon           Morgan Rielly            50     1   3  1  
 2 Kevin Klein              Tom Gilbert              50     1   3  1  

4 vs 4 Forward 
   Center                   Wing                     Time % Phy DF OF 
 1 Ryan O'Reilly            Jamie Benn               50     0   2  3  
 2 Kyle Turris              Alexander Wennberg       50     0   2  3  

4 vs 4 Defense
   Defense                  Defense                  Time % Phy DF OF 
 1 Jared Spurgeon           Shayne Gostisbehere      50     1   2  2  
 2 Andrei Markov            Morgan Rielly            50     1   2  2  

Last Minutes Offensive
   Center                   Left Wing                Right Wing               Defense                  Defense                  
   Ryan O'Reilly            Jamie Benn               Sebastian Aho            Jared Spurgeon           Shayne Gostisbehere      

Last Minutes Defensive
   Center                   Left Wing                Right Wing               Defense                  Defense                  
   Ryan O'Reilly            Jamie Benn               Sebastian Aho            Jared Spurgeon           Morgan Rielly            

Goaltenders
Starting : Jonathan Bernier         
Backup : Roberto Luongo           

Extra Forwards
Normal : Ryan O'Reilly, Jamie Benn, Kyle Turris - PP : Jaromir Jagr, Patrik Berglund - PK : Ryan O'Reilly
Extra Defensemen
Normal : Kevin Klein, Tom Gilbert, Morgan Rielly - PP : Tom Gilbert - PK : Andrei Markov, Shayne Gostisbehere
Penalty Shots
Patrik Berglund, Kyle Turris, Sebastian Aho, Jamie Benn, Ryan O'Reilly
Custom OT Lines Forwards
Jamie Benn, Ryan O'Reilly, Kyle Turris, Alexander Wennberg, Sebastian Aho, Patrik Berglund, Evander Kane, Jaromir Jagr, Connor Brown, Luke Glendening
Custom OT Lines Defensemen
Jared Spurgeon, Andrei Markov, Morgan Rielly, Shayne Gostisbehere, Kevin Klein

Scratches
John-Michael Liles (Healthy), Paul Carey (Healthy)

% Time on Ice - Flames

Lines # - Real PCT - Wanted PCT - Time Play
Normal Forward
1 - 30% - 35% - 16:56
2 - 29% - 31% - 16:09
3 - 28% - 27% - 15:46
4 - 13% - 7% - 7:11
Normal Defense
1 - 37% - 38% - 20:46
2 - 30% - 30% - 16:48
3 - 30% - 27% - 16:41
4 - 3% - 5% - 1:47
PP Forward
1 - 0% - 60%
2 - 0% - 40%
PP Defense
1 - 0% - 65%
2 - 0% - 35%
PK Forward
1 - 82% - 60% - 3:14
2 - 18% - 40% - 0:44
PK Defense
1 - 55% - 60% - 2:12
2 - 45% - 40% - 1:46
PK3 Forward
1 - 0% - 60%
2 - 0% - 40%
PK3 Defense
1 - 0% - 60%
2 - 0% - 40%
44 Forward
1 - 0% - 60%
2 - 0% - 40%
44 Defense
1 - 0% - 60%
2 - 0% - 40%
Last Minute Offensive  - 0:00
Last Minute Defensive  - 0:00
Total
Forward - 60:00
Defense - 60:00

% Time on Ice - Nordiques

Lines # - Real PCT - Wanted PCT - Time Play
Normal Forward
1 - 27% - 30% - 15:08
2 - 31% - 30% - 17:28
3 - 28% - 30% - 15:41
4 - 14% - 10% - 7:45
Normal Defense
1 - 38% - 38% - 21:21
2 - 39% - 38% - 21:51
3 - 23% - 24% - 12:50
4 - 0% - 0% - 0:00
PP Forward
1 - 78% - 50% - 3:06
2 - 22% - 50% - 0:52
PP Defense
1 - 50% - 60% - 1:59
2 - 50% - 40% - 1:59
PK Forward
1 - 0% - 50%
2 - 0% - 50%
PK Defense
1 - 0% - 50%
2 - 0% - 50%
PK3 Forward
1 - 0% - 50%
2 - 0% - 50%
PK3 Defense
1 - 0% - 50%
2 - 0% - 50%
44 Forward
1 - 0% - 50%
2 - 0% - 50%
44 Defense
1 - 0% - 50%
2 - 0% - 50%
Last Minute Offensive  - 0:00
Last Minute Defensive  - 0:00
Total
Forward - 60:00
Defense - 60:00

Play by Play

1st period


0:01 of 1st period - Anders Lee wins face-off versus Ryan O'Reilly in neutral zone.
0:04 of 1st period - Snap shot by Sam Reinhart.
0:04 of 1st period - Stopped by Jonathan Bernier without a rebound.
0:05 of 1st period - Ryan O'Reilly wins face-off versus Jeff Carter in Nordiques zone.
0:20 of 1st period - Snap shot by Jeff Carter.
0:20 of 1st period - Stopped by Jonathan Bernier without a rebound.
0:21 of 1st period - Victor Rask wins face-off versus Evander Kane in Nordiques zone.
0:36 of 1st period - Backhand shot by Victor Rask.
0:36 of 1st period - Stopped by Jonathan Bernier without a rebound.
0:37 of 1st period - Brad Richardson wins face-off versus Jaromir Jagr in Nordiques zone.
0:42 of 1st period - Snap shot by Michael Frolik.
0:42 of 1st period - Stopped by Jonathan Bernier without a rebound.
0:43 of 1st period - Brad Richardson wins face-off versus Patrik Berglund in Nordiques zone.
0:52 of 1st period - Wrist shot by Brad Richardson.
0:52 of 1st period - Stopped by Jonathan Bernier with a rebound.
1:29 of 1st period - Off-side.
1:30 of 1st period - Victor Rask wins face-off versus Ryan O'Reilly in neutral zone.
1:32 of 1st period - Off-side.
1:33 of 1st period - Ryan O'Reilly wins face-off versus Jeff Carter in neutral zone.
3:45 of 1st period - Connor Brown is hit by Brandon Manning and loses puck.
4:35 of 1st period - Kevan Miller is hit by Evander Kane.
4:39 of 1st period - Kevan Miller is hit by Evander Kane and loses puck.
5:34 of 1st period - Victor Hedman is hit by Luke Glendening and loses puck.
5:50 of 1st period - Icing by Drew Doughty.
5:51 of 1st period - Kyle Turris wins face-off versus Brad Richardson in Flames zone.
5:52 of 1st period - Snap shot by Alexander Wennberg.
5:52 of 1st period - Stopped by Carey Price without a rebound.
5:53 of 1st period - Brad Richardson wins face-off versus Evander Kane in Flames zone.
6:20 of 1st period - Snap shot by Jaromir Jagr.
6:20 of 1st period - Deflect By Patrik Berglund.
6:20 of 1st period - Stopped by Carey Price without a rebound.
6:21 of 1st period - Patrik Berglund wins face-off versus Patrick Eaves in Flames zone.
6:24 of 1st period - Wrist shot by Jaromir Jagr.
6:24 of 1st period - Stopped by Carey Price with a rebound.
6:32 of 1st period - Wrist shot by Victor Rask.
6:32 of 1st period - Goal by Victor Rask - Flames : 1 - Nordiques : 0.
6:33 of 1st period - Ryan O'Reilly wins face-off versus Jeff Carter in neutral zone.
6:44 of 1st period - Snap shot by Jamie Benn.
6:44 of 1st period - Shot Blocked by Drew Doughty.
6:46 of 1st period - Snap shot by Jamie Benn.
6:46 of 1st period - Shot Blocked by Victor Hedman.
7:07 of 1st period - Snap shot by Michael Frolik.
7:07 of 1st period - Stopped by Jonathan Bernier with a rebound.
7:19 of 1st period - Slapshot by Kyle Turris.
7:19 of 1st period - Goal by Kyle Turris - Flames : 1 - Nordiques : 1.
7:20 of 1st period - Kyle Turris wins face-off versus Victor Rask in neutral zone.
7:47 of 1st period - Andrej Sustr is hit by Jamie Benn and loses puck.
7:56 of 1st period - Wrist shot by Jeff Carter.
7:56 of 1st period - Deflect By Anders Lee.
7:56 of 1st period - Shot Misses the Net.
7:56 of 1st period - Puck is out of play.
7:57 of 1st period - Patrik Berglund wins face-off versus Brad Richardson in Nordiques zone.
8:13 of 1st period - Minor Penalty to Brad Richardson for Holding.
8:14 of 1st period - David Perron wins face-off versus Ryan O'Reilly in Flames zone.
10:05 of 1st period - Sebastian Aho is hit by Tanner Kero and loses puck.
10:13 of 1st period - Penalty to Brad Richardson is over, Brad Richardson is back on ice.
10:37 of 1st period - Wrist shot by Michael Frolik.
10:37 of 1st period - Stopped by Jonathan Bernier with a rebound.
10:39 of 1st period - Snap shot by Michael Frolik.
10:39 of 1st period - Stopped by Jonathan Bernier without a rebound.
10:40 of 1st period - Victor Rask wins face-off versus Luke Glendening in Nordiques zone.
10:41 of 1st period - Snap shot by David Perron.
10:41 of 1st period - Stopped by Jonathan Bernier without a rebound.
10:42 of 1st period - Luke Glendening wins face-off versus Victor Rask in Nordiques zone.
11:07 of 1st period - Jeff Carter is hit by Evander Kane and loses puck.
11:30 of 1st period - David Savard is hit by Shayne Gostisbehere and loses puck.
12:14 of 1st period - Wrist shot by Nick Bjugstad.
12:14 of 1st period - Stopped by Jonathan Bernier with a rebound.
12:16 of 1st period - Snap shot by Patrick Sharp.
12:16 of 1st period - Stopped by Jonathan Bernier with a rebound.
12:18 of 1st period - Slapshot by Kevan Miller.
12:18 of 1st period - Deflect By Andrei Markov.
12:18 of 1st period - Stopped by Jonathan Bernier without a rebound.
12:19 of 1st period - Ryan O'Reilly wins face-off versus Brad Richardson in Nordiques zone.
12:44 of 1st period - Patrick Eaves is hit by Tom Gilbert and loses puck.
13:11 of 1st period - Snap shot by Connor Brown.
13:11 of 1st period - Shot Blocked by Drew Doughty.
13:13 of 1st period - Slapshot by Jared Spurgeon.
13:13 of 1st period - Shot Blocked by Victor Hedman.
13:30 of 1st period - Snap shot by Luke Glendening.
13:30 of 1st period - Shot Misses the Net.
14:20 of 1st period - Wrist shot by Jaromir Jagr.
14:20 of 1st period - Goal by Jaromir Jagr - Flames : 1 - Nordiques : 2.
14:21 of 1st period - Ryan O'Reilly wins face-off versus Victor Rask in neutral zone.
15:06 of 1st period - Victor Hedman is hit by Jared Spurgeon and loses puck.
15:11 of 1st period - Snap shot by Connor Brown.
15:11 of 1st period - Stopped by Carey Price without a rebound.
15:12 of 1st period - Patrik Berglund wins face-off versus Victor Rask in Flames zone.
17:01 of 1st period - Snap shot by Connor Brown.
17:01 of 1st period - Stopped by Carey Price with a rebound.
17:37 of 1st period - Michael Frolik is hit by Alexander Wennberg and loses puck.
17:57 of 1st period - Tanner Kero is hit by Jakub Vrana and loses puck.
18:21 of 1st period - Wrist shot by Victor Rask.
18:21 of 1st period - Stopped by Jonathan Bernier without a rebound.
18:22 of 1st period - Kyle Turris wins face-off versus Victor Rask in Nordiques zone.
19:18 of 1st period - Drew Doughty is hit by Sebastian Aho and loses puck.
Goals for this period are 1 for Flames vs 2 for Nordiques.
Shots for this period are 14 for Flames vs 7 for Nordiques.

2nd period


0:01 of 2nd period - Kyle Turris wins face-off versus Jeff Carter in neutral zone.
0:06 of 2nd period - Snap shot by Kyle Turris.
0:06 of 2nd period - Stopped by Carey Price with a rebound.
0:11 of 2nd period - Off-side.
0:12 of 2nd period - Kyle Turris wins face-off versus Jeff Carter in neutral zone.
0:17 of 2nd period - Snap shot by Alexander Wennberg.
0:17 of 2nd period - Shot Misses the Net.
0:19 of 2nd period - Snap shot by Alexander Wennberg.
0:19 of 2nd period - Stopped by Carey Price with a rebound.
0:21 of 2nd period - Wrist shot by Evander Kane.
0:21 of 2nd period - Stopped by Carey Price with a rebound.
0:23 of 2nd period - Snap shot by Evander Kane.
0:23 of 2nd period - Stopped by Carey Price with a rebound.
0:25 of 2nd period - Slapshot by Alexander Wennberg.
0:25 of 2nd period - Shot Misses the Net.
0:27 of 2nd period - Slapshot by Shayne Gostisbehere.
0:27 of 2nd period - Shot Misses the Net.
0:29 of 2nd period - Slapshot by Kyle Turris.
0:29 of 2nd period - Goal by Kyle Turris - Flames : 1 - Nordiques : 3.
0:30 of 2nd period - Patrik Berglund wins face-off versus Victor Rask in neutral zone.
0:55 of 2nd period - Morgan Rielly is hit by Anders Lee and loses puck.
1:04 of 2nd period - Snap shot by Sam Reinhart.
1:04 of 2nd period - Shot Misses the Net.
1:06 of 2nd period - Slapshot by Anders Lee.
1:06 of 2nd period - Stopped by Jonathan Bernier with a rebound.
1:42 of 2nd period - Slapshot by Drew Doughty.
1:42 of 2nd period - Stopped by Jonathan Bernier with a rebound.
1:44 of 2nd period - Slapshot by Victor Hedman.
1:44 of 2nd period - Deflect By Shayne Gostisbehere.
1:44 of 2nd period - Stopped by Jonathan Bernier with a rebound.
1:46 of 2nd period - Slapshot by Drew Doughty.
1:46 of 2nd period - Stopped by Jonathan Bernier without a rebound.
1:47 of 2nd period - Jeff Carter wins face-off versus Patrik Berglund in Nordiques zone.
2:20 of 2nd period - Icing by David Perron.
2:21 of 2nd period - Victor Rask wins face-off versus Ryan O'Reilly in Flames zone.
2:42 of 2nd period - Slapshot by Victor Rask.
2:42 of 2nd period - Stopped by Jonathan Bernier with a rebound.
2:44 of 2nd period - Snap shot by Patrick Eaves.
2:44 of 2nd period - Goal by Patrick Eaves - Flames : 2 - Nordiques : 3.
2:45 of 2nd period - Kyle Turris wins face-off versus Jeff Carter in neutral zone.
2:48 of 2nd period - Wrist shot by Alexander Wennberg.
2:48 of 2nd period - Stopped by Carey Price without a rebound.
2:49 of 2nd period - Kyle Turris wins face-off versus Sam Reinhart in Flames zone.
2:52 of 2nd period - Wrist shot by Kyle Turris.
2:52 of 2nd period - Stopped by Carey Price without a rebound.
2:53 of 2nd period - Kyle Turris wins face-off versus Jeff Carter in Flames zone.
4:01 of 2nd period - Icing by Brandon Manning.
4:02 of 2nd period - Jeff Carter wins face-off versus Ryan O'Reilly in Flames zone.
4:12 of 2nd period - Slapshot by Shayne Gostisbehere.
4:12 of 2nd period - Stopped by Carey Price with a rebound.
4:18 of 2nd period - Slapshot by Jamie Benn.
4:18 of 2nd period - Shot Blocked by Brandon Manning.
4:48 of 2nd period - Wrist shot by David Perron.
4:48 of 2nd period - Stopped by Jonathan Bernier without a rebound.
4:49 of 2nd period - Luke Glendening wins face-off versus Victor Rask in Nordiques zone.
5:14 of 2nd period - Kevin Klein is hit by Victor Hedman and loses puck.
5:39 of 2nd period - Snap shot by Michael Frolik.
5:39 of 2nd period - Shot Misses the Net.
6:20 of 2nd period - Icing by Jared Spurgeon.
6:21 of 2nd period - Kyle Turris wins face-off versus Victor Rask in Nordiques zone.
6:32 of 2nd period - Snap shot by Patrik Berglund.
6:32 of 2nd period - Stopped by Carey Price without a rebound.
6:33 of 2nd period - Ryan O'Reilly wins face-off versus Jeff Carter in Flames zone.
7:00 of 2nd period - Alexander Wennberg is hit by Michael Frolik and loses puck.
7:07 of 2nd period - David Savard is hit by Kyle Turris and loses puck.
7:17 of 2nd period - Icing by Patrick Sharp.
7:18 of 2nd period - Patrik Berglund wins face-off versus Brad Richardson in Flames zone.
7:19 of 2nd period - Wrist shot by Jaromir Jagr.
7:19 of 2nd period - Stopped by Carey Price with a rebound.
7:53 of 2nd period - Patrik Berglund is hit by Patrick Sharp and loses puck.
8:08 of 2nd period - Slapshot by Shayne Gostisbehere.
8:08 of 2nd period - Shot Blocked by Patrick Sharp.
8:18 of 2nd period - Slapshot by Michael Frolik.
8:18 of 2nd period - Shot Blocked by Shayne Gostisbehere.
8:20 of 2nd period - Wrist shot by David Savard.
8:20 of 2nd period - Shot Blocked by Jaromir Jagr.
8:22 of 2nd period - Slapshot by Michael Frolik.
8:22 of 2nd period - Stopped by Jonathan Bernier with a rebound.
8:24 of 2nd period - Wrist shot by Brad Richardson.
8:24 of 2nd period - Shot Blocked by Jared Spurgeon.
8:26 of 2nd period - Snap shot by Michael Frolik.
8:26 of 2nd period - Stopped by Jonathan Bernier with a rebound.
8:28 of 2nd period - Slapshot by David Savard.
8:28 of 2nd period - Stopped by Jonathan Bernier with a rebound.
8:30 of 2nd period - Wrist shot by David Savard.
8:30 of 2nd period - Stopped by Jonathan Bernier without a rebound.
8:31 of 2nd period - Jeff Carter wins face-off versus Ryan O'Reilly in Nordiques zone.
8:38 of 2nd period - Wrist shot by Jeff Carter.
8:38 of 2nd period - Goal by Jeff Carter - Flames : 3 - Nordiques : 3.
8:39 of 2nd period - Jamie Benn wins face-off versus Jeff Carter in neutral zone.
8:48 of 2nd period - Wrist shot by Sebastian Aho.
8:48 of 2nd period - Shot Misses the Net.
8:50 of 2nd period - Slapshot by Ryan O'Reilly.
8:50 of 2nd period - Stopped by Carey Price without a rebound.
8:51 of 2nd period - Victor Rask wins face-off versus Evander Kane in Flames zone.
9:18 of 2nd period - Victor Hedman is hit by Morgan Rielly and loses puck.
9:54 of 2nd period - Sebastian Aho is hit by Brad Richardson and loses puck.
10:15 of 2nd period - Snap shot by Jamie Benn.
10:15 of 2nd period - Shot Misses the Net.
10:17 of 2nd period - Snap shot by Jamie Benn.
10:17 of 2nd period - Shot Misses the Net.
10:19 of 2nd period - Snap shot by Jared Spurgeon.
10:19 of 2nd period - Stopped by Carey Price with a rebound.
10:21 of 2nd period - Slapshot by Jared Spurgeon.
10:21 of 2nd period - Shot Misses the Net.
10:41 of 2nd period - Snap shot by Jamie Benn.
10:41 of 2nd period - Shot Blocked by David Savard.
10:53 of 2nd period - Snap shot by Jamie Benn.
10:53 of 2nd period - Shot Misses the Net.
10:55 of 2nd period - Snap shot by Sebastian Aho.
10:55 of 2nd period - Shot Misses the Net.
10:57 of 2nd period - Slapshot by Shayne Gostisbehere.
10:57 of 2nd period - Shot Misses the Net.
11:25 of 2nd period - Wrist shot by Ryan O'Reilly.
11:25 of 2nd period - Shot Blocked by Brad Richardson.
11:27 of 2nd period - Snap shot by Sebastian Aho.
11:27 of 2nd period - Deflect By Jamie Benn.
11:27 of 2nd period - Stopped by Carey Price without a rebound.
11:28 of 2nd period - Kyle Turris wins face-off versus Victor Rask in Flames zone.
11:38 of 2nd period - Off-side.
11:39 of 2nd period - Jeff Carter wins face-off versus Kyle Turris in neutral zone.
11:54 of 2nd period - Backhand shot by Jeff Carter.
11:54 of 2nd period - Shot Misses the Net.
12:06 of 2nd period - Morgan Rielly is hit by Patrick Eaves and loses puck.
12:15 of 2nd period - Kevin Klein is hit by Drew Doughty and loses puck.
12:33 of 2nd period - Nick Bjugstad is hit by Luke Glendening and loses puck.
12:44 of 2nd period - Wrist shot by Jakub Vrana.
12:44 of 2nd period - Deflect By Luke Glendening.
12:44 of 2nd period - Shot Blocked by Tanner Kero.
12:44 of 2nd period - Puck is out of play.
12:45 of 2nd period - Evander Kane wins face-off versus Jeff Carter in Flames zone.
13:29 of 2nd period - Snap shot by Jeff Carter.
13:29 of 2nd period - Shot Blocked by Evander Kane.
13:31 of 2nd period - Slapshot by Kevan Miller.
13:31 of 2nd period - Deflect By Kyle Turris.
13:31 of 2nd period - Stopped by Jonathan Bernier with a rebound.
13:33 of 2nd period - Snap shot by Anders Lee.
13:33 of 2nd period - Shot Blocked by Morgan Rielly.
13:35 of 2nd period - Slapshot by Kevan Miller.
13:35 of 2nd period - Stopped by Jonathan Bernier with a rebound.
13:37 of 2nd period - Slapshot by Anders Lee.
13:37 of 2nd period - Stopped by Jonathan Bernier without a rebound.
13:38 of 2nd period - Patrik Berglund wins face-off versus Victor Rask in Nordiques zone.
14:46 of 2nd period - Snap shot by Jared Spurgeon.
14:46 of 2nd period - Goal by Jared Spurgeon - Flames : 3 - Nordiques : 4.
14:47 of 2nd period - Kyle Turris wins face-off versus Victor Rask in neutral zone.
14:50 of 2nd period - Victor Hedman is hit by Andrei Markov and loses puck.
15:13 of 2nd period - Connor Brown is hit by Victor Hedman and loses puck.
15:21 of 2nd period - Off-side.
15:22 of 2nd period - Ryan O'Reilly wins face-off versus Patrick Eaves in neutral zone.
16:08 of 2nd period - Snap shot by Patrik Berglund.
16:08 of 2nd period - Stopped by Carey Price without a rebound.
16:09 of 2nd period - Brad Richardson wins face-off versus Patrik Berglund in Flames zone.
16:21 of 2nd period - Morgan Rielly is hit by Kevan Miller and loses puck.
16:36 of 2nd period - Connor Brown is hit by Brandon Manning and loses puck.
16:41 of 2nd period - Wrist shot by Michael Frolik.
16:41 of 2nd period - Stopped by Jonathan Bernier with a rebound.
17:10 of 2nd period - Slapshot by Jaromir Jagr.
17:10 of 2nd period - Stopped by Carey Price with a rebound.
17:29 of 2nd period - Off-side.
17:30 of 2nd period - Jeff Carter wins face-off versus Kyle Turris in neutral zone.
17:37 of 2nd period - Wrist shot by Alexander Wennberg.
17:37 of 2nd period - Stopped by Carey Price without a rebound.
17:38 of 2nd period - Jeff Carter wins face-off versus Kyle Turris in Flames zone.
17:49 of 2nd period - Anders Lee is hit by Jared Spurgeon and loses puck.
18:28 of 2nd period - Snap shot by Alexander Wennberg.
18:28 of 2nd period - Shot Misses the Net.
18:30 of 2nd period - Wrist shot by Kyle Turris.
18:30 of 2nd period - Goal by Kyle Turris - Flames : 3 - Nordiques : 5.
18:31 of 2nd period - Victor Rask wins face-off versus Ryan O'Reilly in neutral zone.
19:09 of 2nd period - Slapshot by Victor Hedman.
19:09 of 2nd period - Shot Blocked by Patrik Berglund.
19:45 of 2nd period - Slapshot by David Savard.
19:45 of 2nd period - Stopped by Jonathan Bernier with a rebound.
19:51 of 2nd period - Snap shot by Jeff Carter.
19:51 of 2nd period - Shot Misses the Net.
Goals for this period are 2 for Flames vs 3 for Nordiques.
Shots for this period are 17 for Flames vs 18 for Nordiques.

3rd period


0:01 of 3rd period - Ryan O'Reilly wins face-off versus Victor Rask in neutral zone.
0:10 of 3rd period - Snap shot by Sebastian Aho.
0:10 of 3rd period - Stopped by Carey Price without a rebound.
0:11 of 3rd period - Ryan O'Reilly wins face-off versus Victor Rask in Flames zone.
0:12 of 3rd period - Snap shot by Jamie Benn.
0:12 of 3rd period - Shot Misses the Net.
0:14 of 3rd period - Snap shot by Andrei Markov.
0:14 of 3rd period - Goal by Andrei Markov - Flames : 3 - Nordiques : 6.
0:14 of 3rd period - Curtis McElhinney enters game.
0:15 of 3rd period - Ryan O'Reilly wins face-off versus Victor Rask in neutral zone.
0:20 of 3rd period - David Perron is hit by Sebastian Aho and loses puck.
0:41 of 3rd period - Andrei Markov is hit by Drew Doughty and loses puck.
2:09 of 3rd period - Snap shot by Jamie Benn.
2:09 of 3rd period - Shot Misses the Net.
2:11 of 3rd period - Slapshot by Jamie Benn.
2:11 of 3rd period - Stopped by Curtis McElhinney with a rebound.
2:13 of 3rd period - Slapshot by Andrei Markov.
2:13 of 3rd period - Deflect By Sam Reinhart.
2:13 of 3rd period - Stopped by Curtis McElhinney with a rebound.
2:15 of 3rd period - Slapshot by Andrei Markov.
2:15 of 3rd period - Shot Misses the Net.
2:29 of 3rd period - Slapshot by Shayne Gostisbehere.
2:29 of 3rd period - Shot Blocked by Sam Reinhart.
2:49 of 3rd period - Snap shot by Alexander Wennberg.
2:49 of 3rd period - Shot Blocked by Brandon Manning.
2:53 of 3rd period - Wrist shot by Kyle Turris.
2:53 of 3rd period - Stopped by Curtis McElhinney without a rebound.
2:54 of 3rd period - Brad Richardson wins face-off versus Ryan O'Reilly in Flames zone.
3:11 of 3rd period - Snap shot by Patrick Sharp.
3:11 of 3rd period - Stopped by Jonathan Bernier without a rebound.
3:12 of 3rd period - Kyle Turris wins face-off versus Victor Rask in Nordiques zone.
3:12 of 3rd period - Kyle Turris is hit by Victor Rask.
4:20 of 3rd period - Wrist shot by Alexander Wennberg.
4:20 of 3rd period - Shot Misses the Net.
4:40 of 3rd period - Snap shot by Patrick Eaves.
4:40 of 3rd period - Stopped by Jonathan Bernier without a rebound.
4:41 of 3rd period - Luke Glendening wins face-off versus Victor Rask in Nordiques zone.
5:33 of 3rd period - Andrei Markov is hit by Jeff Carter and loses puck.
5:44 of 3rd period - Kevan Miller is hit by Patrik Berglund and loses puck.
6:37 of 3rd period - Snap shot by Jamie Benn.
6:37 of 3rd period - Goal by Jamie Benn - Flames : 3 - Nordiques : 7.
6:38 of 3rd period - Ryan O'Reilly wins face-off versus Victor Rask in neutral zone.
6:47 of 3rd period - Backhand shot by Jamie Benn.
6:47 of 3rd period - Goal by Jamie Benn - Flames : 3 - Nordiques : 8.
6:48 of 3rd period - Sebastian Aho wins face-off versus Victor Rask in neutral zone.
7:00 of 3rd period - Off-side.
7:01 of 3rd period - Victor Rask wins face-off versus Kyle Turris in neutral zone.
7:26 of 3rd period - Jared Spurgeon is hit by Drew Doughty and loses puck.
7:31 of 3rd period - Snap shot by Michael Frolik.
7:31 of 3rd period - Stopped by Jonathan Bernier without a rebound.
7:32 of 3rd period - Brad Richardson wins face-off versus Ryan O'Reilly in Nordiques zone.
9:09 of 3rd period - Wrist shot by Patrick Sharp.
9:09 of 3rd period - Stopped by Jonathan Bernier with a rebound.
9:32 of 3rd period - Wrist shot by Shayne Gostisbehere.
9:32 of 3rd period - Stopped by Curtis McElhinney with a rebound.
9:55 of 3rd period - Snap shot by Derek MacKenzie.
9:55 of 3rd period - Goal by Derek MacKenzie - Flames : 3 - Nordiques : 9.
9:56 of 3rd period - Ryan O'Reilly wins face-off versus Jeff Carter in neutral zone.
10:28 of 3rd period - Backhand shot by David Perron.
10:28 of 3rd period - Stopped by Jonathan Bernier with a rebound.
10:33 of 3rd period - Icing by Evander Kane.
10:34 of 3rd period - Brad Richardson wins face-off versus Kyle Turris in Nordiques zone.
10:47 of 3rd period - Alexander Wennberg is hit by Brad Richardson and loses puck.
11:58 of 3rd period - Kevan Miller is hit by Luke Glendening and loses puck.
12:35 of 3rd period - David Perron is hit by Alexander Wennberg and loses puck.
13:26 of 3rd period - Snap shot by Kyle Turris.
13:26 of 3rd period - Stopped by Curtis McElhinney with a rebound.
13:28 of 3rd period - Snap shot by Andrei Markov.
13:28 of 3rd period - Shot Blocked by Victor Rask.
13:30 of 3rd period - Slapshot by Andrei Markov.
13:30 of 3rd period - Shot Blocked by Drew Doughty.
13:32 of 3rd period - Slapshot by Morgan Rielly.
13:32 of 3rd period - Shot Blocked by David Perron.
13:34 of 3rd period - Wrist shot by Kyle Turris.
13:34 of 3rd period - Stopped by Curtis McElhinney with a rebound.
14:14 of 3rd period - Snap shot by Kyle Turris.
14:14 of 3rd period - Stopped by Curtis McElhinney without a rebound.
14:15 of 3rd period - Patrik Berglund wins face-off versus Jeff Carter in Flames zone.
14:18 of 3rd period - Snap shot by Jaromir Jagr.
14:18 of 3rd period - Stopped by Curtis McElhinney with a rebound.
14:20 of 3rd period - Snap shot by Patrik Berglund.
14:20 of 3rd period - Shot Misses the Net.
14:30 of 3rd period - Wrist shot by Jaromir Jagr.
14:30 of 3rd period - Stopped by Curtis McElhinney with a rebound.
14:36 of 3rd period - Minor Penalty to Anders Lee for Tripping.
14:37 of 3rd period - Brad Richardson wins face-off versus Ryan O'Reilly in Flames zone.
14:37 of 3rd period - Brad Richardson is hit by Jamie Benn.
15:18 of 3rd period - Tom Gilbert is hit by Tanner Kero and loses puck.
15:25 of 3rd period - Jamie Benn is hit by Kevan Miller and loses puck.
16:36 of 3rd period - Penalty to Anders Lee is over, Anders Lee is back on ice.
17:03 of 3rd period - Victor Rask is hit by Patrik Berglund.
18:33 of 3rd period - Connor Brown is hit by Anders Lee and loses puck.
19:28 of 3rd period - Jared Spurgeon is hit by Nick Bjugstad and loses puck.
19:54 of 3rd period - Andrei Markov is hit by David Savard and loses puck.
Goals for this period are 0 for Flames vs 4 for Nordiques.
Shots for this period are 5 for Flames vs 14 for Nordiques.